 Dungeon Crawl Stone Soup version 0.20-a0-647-gf178af5 (console) character file.

360 nht the Chopper (level 6, -1/47 HPs)
             Began as a Formicid Fighter on Feb 15, 2017.
             Killed by nerve-wracking pain
             ... invoked by an orc priest
              (14 damage)
             ... on level 4 of the Dungeon.
             The game lasted 00:03:23 (2440 turns).

nht the Chopper (Formicid Fighter)                  Turns: 2440, Time: 00:03:24

Health: -1/47      AC:  6    Str: 23    XL:     6   Next: 98%
Magic:  6/6        EV:  8    Int:  7    God:
Gold:   139        SH:  9    Dex: 10    Spells: 5/5 levels left

rFire    . . .     SeeInvis +   a - +0 war axe
rCold    . . .     Gourm    .   b - +0 scale mail
rNeg     . . .     Faith    .   c - +0 shield
rPois    .         Spirit   .   (helmet unavailable)
rElec    .         Reflect  .   (no cloak)
rCorr    .         Harm     .   (no gloves)
MR       .....                  (no boots)
Stlth    ..........             (no amulet)
Regen    0.2/turn               (no ring)
MPRegen  0.1/turn               (no ring)

@: no status effects
A: permanent stasis, dig shafts and tunnels, four strong arms, antennae 3,
mutation resistance 1
a: Dig, Shaft Self


You were on level 4 of the Dungeon.
You were not hungry.

You visited 1 branch of the dungeon, and saw 4 of its levels.

You collected 139 gold pieces.

Inventory:

Hand Weapons
 a - a +0 war axe (weapon)
Missiles
 l - 7 poisoned needles
 t - 6 curare-tipped needles
Armour
 b - a +0 scale mail (worn)
 c - a +0 shield (worn)
Scrolls
 e - 3 scrolls of remove curse
 j - 2 scrolls of identify
 n - 2 scrolls of magic mapping
 o - 2 scrolls of recharging
Potions
 d - 2 potions of might
 m - a potion of flight
 q - a potion of mutation
 s - a potion of magic
 u - 2 potions of curing
Comestibles
 f - 2 bread rations
 g - 2 royal jellies
 h - a chunk of flesh
 i - a meat ration
 k - a fruit


   Skills:
 - Level 3.2 Fighting
 + Level 6.9 Axes
 - Level 3.2 Armour
 - Level 3.6 Shields


You had 5 spell levels left.
You didn't know any spells.

Dungeon Overview and Level Annotations

Branches:
Dungeon (4/15)
 Temple: D:4-7

Altars:
Ru
Xom
Zin


Innate Abilities, Weirdness & Mutations

You cannot be hasted, slowed, berserked, paralysed or teleported.
You can dig through walls and to a lower floor.
Your four strong arms can wield two-handed weapons with a shield.
You have a pair of large antennae on your head. (SInv)
You are somewhat resistant to further mutation.


Message History

The orc priest barely misses you.
Your shield prevents you from hitting the orc priest.
The orc priest is moderately wounded.
The orc priest calls down the wrath of Beogh upon you.
Pain shoots through your body! The orc priest hits you.
* * * LOW HITPOINT WARNING * * *
You closely miss the orc priest.
The orc priest is moderately wounded.
You hit the orc. The orc hits you with a whip.
* * * LOW HITPOINT WARNING * * *
The orc priest mumbles some strange prayers to Beogh against you.
You struggle to resist.
You block the orc's attack.
You slash the orc!
You kill the orc!
You hit the orc priest. You block the orc priest's attack.
You hit the orc priest.
The orc priest is heavily wounded.
The orc priest mumbles some strange prayers to Beogh against you.
Pain shoots through your body!
You die...

*,*,,*,,,,,,,,,,,,,,,,,,.....
*,*,,******█.█*****,,,,,,.███
*$*,,* █.█ *,,,,,,,* █
██.,,,* █.█ ********███
█..,,,* █.█ █....█
█.█***███████.█ █.██.█ █.█
█.......█ █.██.█ █.█
█.....)o█ █.██.█ █.█
█......@█ █.██.█ █<█
███████.█ █.██.█ ███ █.████
█.█... █.)..█ █.█...
████.████ █.....
█....██████....
█.......███...(
██████████...█.........
█............█.........


You could see an orc priest.

Vanquished Creatures
  A water moccasin skeleton (D:4)
  The ghost of nht the Vexing, a weakling FoEn (D:3)
  An orc wizard (D:3)
  3 worker ants (D:4)
  A killer bee zombie (D:3)
  3 gnolls (D:3)
  5 adders
  An ooze (D:4)
  2 worms (D:3)
  2 dart slugs
  3 leopard geckos
  4 orcs
  7 giant cockroaches
  A goblin (D:3)
  4 hobgoblins
  6 jackals (D:1)
  8 kobolds
  A quokka (D:3)
  7 bats
  A frilled lizard (D:2)
  4 rats
66 creatures vanquished.

Notes
Turn   | Place    | Note
-------+----------+-------------------------------------------
     0 | D:1      | nht the Formicid Fighter began the quest for the Orb.
     0 | D:1      | Reached XP level 1. HP: 18/18 MP: 1/1
    92 | D:1      | Reached XP level 2. HP: 24/24 MP: 2/2
   158 | D:1      | Reached skill level 3 in Axes
   360 | D:1      | Reached XP level 3. HP: 29/29 MP: 3/3
   774 | D:2      | Found a shimmering altar of Xom.
  1201 | D:2      | Reached skill level 4 in Axes
  1201 | D:2      | Reached XP level 4. HP: 27/35 MP: 4/4
  1435 | D:3      | Reached XP level 5. HP: 16/41 MP: 5/5
  1440 | D:3      | Noticed nht's ghost (weakling FoEn)
  1626 | D:3      | Killed nht's ghost
  1626 | D:3      | Reached skill level 5 in Axes
  1914 | D:3      | Reached XP level 6. HP: 33/47 MP: 6/6
  2000 | D:3      | Found a sacrificial altar of Ru.
  2007 | D:3      | Reached skill level 6 in Axes
  2263 | D:4      | Found a glowing silver altar of Zin.
  2324 | D:4      | Gained mutation: You are frail. (-10% HP) [potion of mutation]
  2324 | D:4      | Gained mutation: You are partially covered in iridescent scales. (AC +2) [potion of mutation]
  2340 | D:4      | Lost mutation: You are frail. (-10% HP) [potion of mutation]
  2340 | D:4      | Lost mutation: You are partially covered in iridescent scales. (AC +2) [potion of mutation]
  2340 | D:4      | Gained mutation: You are somewhat resistant to further mutation. [potion of mutation]
  2440 | D:4      | Killed from afar by an orc priest

Vault maps used:
D:1:      shiori_arrival_oz
D:2:      brannock_xom_greatest_gift
D:3:      nicolae_ru_great_annihilating_truth
D:4:      old_standard_altar, serial_shops, kennysheep_mini_moat

Skill      XL: |  1  2  3  4  5  6 |
---------------+-------------------+-----
Axes           | 3 4 5 6 |  6.9
Fighting       | |  3.2
Armour         | |  3.2
Shields        | |  3.6

Action                   |  1- 3 |  4- 6 || total
-------------------------+-------+-------++-------
Melee: War axe           |    99 |   141 ||   240
  Use: Potion            |       |     8 ||     8
       Scroll            |       |     7 ||     7
 Stab: Paralysed         |       |     3 ||     3
  Eat: Chunk             |     1 |     4 ||     5
Armor: Scale mail        |    54 |    51 ||   105
Dodge: Dodged            |    52 |    58 ||   110
Block: Shield            |    66 |    78 ||   144
